 Dungeon Crawl Stone Soup version 0.28-a0-447-g1f95980246 (webtiles) character file.

Game seed: 11691424941748667405

14021 nicanaca0 the Fencer (level 11, -1/104 HPs)
             Began as a Minotaur Berserker on Sept 12, 2021.
             Was a High Priest of Trog.
             Killed by refrigeration
             ... invoked by Fannar
              (25 damage)
             ... on level 10 of the Dungeon.
             The game lasted 00:20:07 (12032 turns).

nicanaca0 the Fencer (Minotaur Berserker)          Turns: 12032, Time: 00:20:08

Health: -1/104     AC: 13    Str: 21    XL:     11   Next: 83%
Magic:  10/10      EV: 12    Int:  6    God:    Trog [*****.]
Gold:   538        SH:  5    Dex: 18    Spells: 10/10 levels left

rFire   . . .      SeeInvis .   B - +0 dagger (distort)
rCold   . . .      Faith    .   K - +0 buckler
rNeg    . . .      Spirit   .   l - +2 ring mail {Will+}
rPois   .          Reflect  .   (helmet restricted)
rElec   .          Harm     .   j - +0 cloak
rCorr   .          Rampage  .   d - +1 pair of gloves
Will    +....                   (no boots)
Stlth   +.........              (no amulet)
HPRegen 0.27/turn               b - +6 ring of dexterity
MPRegen 0.12/turn               (no ring)

@: studying Long Blades
A: horns 2, retaliatory headbutt
a: Renounce Religion, Berserk, Trog's Hand, Brothers in Arms


You were on level 10 of the Dungeon.
You worshipped Trog.
Trog was extremely pleased with you.
You visited 1 branch of the dungeon, and saw 11 of its levels.
You also visited: Sewer.

You collected 538 gold pieces.

Inventory:

Hand Weapons
 a - a +0 long sword
 B - a +0 dagger of distortion (weapon)
Missiles
 f - 159 stones
 p - 5 atropa-tipped darts
 F - 50 sling bullets
 P - 15 poisoned darts
Armour
 d - a +1 pair of gloves (worn)
 j - a +0 cloak (worn)
 l - a +2 ring mail of willpower (worn)
 C - +0 steam dragon scales
 D - a +0 troll leather armour
 K - a +0 buckler (worn)
Jewellery
 b - a +6 ring of dexterity (left hand)
 H - the amulet "Gostraos" {RegenMP Harm}
   (You found it on level 8 of the Dungeon)

   [amulet of magic regeneration]

   It increases your rate of magic regeneration.
   Harm:      It increases damage dealt and taken.
 I - a ring of flight
 M - an amulet of the acrobat
Wands
 z - a wand of paralysis (8)
 A - a wand of digging (4)
 N - a wand of flame (10) (quivered)
 Q - a wand of iceblast (7)
Scrolls
 g - 3 scrolls of enchant armour
 h - a scroll of torment {unknown}
 k - 2 scrolls of immolation
 q - 6 scrolls of teleportation {@r2}
 t - a scroll of enchant weapon {unknown}
 u - a scroll of fog
 v - a scroll of fear
 w - a scroll of summoning {unknown}
 y - a scroll of holy word {unknown}
 E - a scroll of noise
 L - a scroll of blinking {@r2}
Potions
 c - 2 potions of curing {@q1}
 e - 2 potions of heal wounds {@q2}
 i - 4 potions of mutation
 m - a potion of magic {unknown}
 n - a potion of brilliance {unknown}
 o - a potion of invisibility
 r - a potion of cancellation
 s - 5 potions of resistance
 x - a potion of haste
 G - a potion of lignification
 J - a potion of flight
 O - a potion of berserk rage


   Skills:
 + Level 12.3 Fighting
 + Level 16.2 Long Blades
 - Level 7.6 Throwing
 + Level 12.1 Armour
 - Level 2.1 Dodging
 - Level 4.0 Shields


You had 10 spell levels left.
You didn't know any spells.
Your spell library was empty.

Dungeon Overview and Level Annotations

Branches:
Dungeon (11/15)            Temple (0/1) D:5            Lair (0/6) D:8
    Orc (0/2) D:10          Sewer (visited)

Altars:
Qazlal
Trog

Annotations:
D:10 Fannar


Innate Abilities, Weirdness & Mutations

You have a pair of horns on your head.
You reflexively headbutt those who attack you in melee.


Message History

No target in view!
Fannar the Cold-Hearted comes into view.
They are wielding a +0 quarterstaff of freezing and wearing a +1 robe of cold resistance.
Found a potion of heal wounds.
Found a stone staircase leading up.
Fannar shouts!
Okay, then.
The puff of flame hits Fannar.
Fannar is lightly wounded.
Fannar says, "Does this not give you the chills?"
The puff of flame hits Fannar!
Fannar is burned terribly!
Fannar is lightly wounded.
Fannar drinks a potion.
Fannar suddenly seems more resistant.
The puff of flame misses Fannar.
The puff of flame hits Fannar.
Fannar is lightly wounded.
The puff of flame hits Fannar.
Fannar is lightly wounded.
Fannar casts a spell.
Fannar drains the heat from the surrounding environment!
The puff of flame misses Fannar.
Fannar casts a spell.
The puff of flame hits Fannar.
Fannar is lightly wounded.
Fannar murmurs some mystic words to themself.
Fannar gestures wildly while chanting.
The puff of flame hits Fannar.
Fannar is moderately wounded.
Fannar gestures wildly while chanting.
Fannar drains the heat from the surrounding environment!
Aiming: Paralyse
Press: ? - help, Shift-Dir - straight line, f/p - Fannar
Aim: Fannar, wielding a +0 quarterstaff of freezing, wearing a +1 robe of cold resistance and wearing a ring of ice (moderately wounded, unusually resistant, chance to affect: 6%)
Okay, then.
Unknown command.
Fannar casts a spell.
Fannar points at you and mumbles some strange words.
The bolt of cold hits you!!
* * * LOW HITPOINT WARNING * * *
Fannar casts a spell.
Fannar drains the heat from the surrounding environment!
You die...

.................#####.....
....<................+.....
#...eY.........####.....
########
#.Y........+####.....
.......#
#.............##.....
.......#
#.Y...>.).....##.....
.......#
##.......)....##.....
.......#
#............##.....
.......#
#..@.........##.....
.......#
#...................
.(.....#
#...................
.......#
#...............####
.......# #............####
.......# #............#
.......#######.>.......)..#
...#####....##............#
...# #....##............#


You could see Fannar (resistant) and 3 ice beasts.

Vanquished Creatures
  Erolcha (D:9)
  A centaur warrior (D:7)
  3 two-headed ogres
  A cyclops (D:10)
  Joseph (D:9)
  Psyche (D:9)
  2 trolls
  16 yaks
  2 steam dragons (D:7)
  3 wargs (D:8)
  3 water moccasins (D:7)
  An ice beast (D:7)
  4 orc warriors
  4 sky beasts
  A black bear (D:6)
  A necrophage (D:7)
  8 ogres
  3 centaurs
  A phantom (D:5)
  6 bullfrogs
  3 scorpions
  A water moccasin zombie (D:6)
  7 killer bees
  A wight (D:7)
  A bullfrog zombie (D:6)
  5 centaur zombies
  A gnoll shaman (D:5)
  4 hounds
  2 bullfrog skeletons (D:5)
  A jelly (D:7)
  5 orc priests
  5 orc wizards
  5 iguanas
  2 killer bee zombies
  A hound skeleton (D:4)
  A howler monkey zombie (D:9)
  A howler monkey skeleton (D:5)
  11 adders
  3 gnolls
  2 river rats (Sewer)
  A shadow imp (D:7)
  2 white imps (D:7)
  An adder skeleton (D:4)
  5 worms
  3 dart slugs
  31 orcs
  25 ball pythons
  4 bats
  8 endoplasms
  9 giant cockroaches
  6 goblins
  7 hobgoblins
  6 jackals
  8 kobolds
  9 quokkas
  9 frilled lizards
  29 rats
288 creatures vanquished.

Vanquished Creatures (others)
  10 plants
10 creatures vanquished.

Grand Total: 298 creatures vanquished

Notes
Turn   | Place    | Note
-------+----------+-------------------------------------------
     0 | D:1      | nicanaca0 the Minotaur Berserker began the quest for the
                  | Orb.
     0 | D:1      | Reached XP level 1. HP: 19/19 MP: 0/0
    47 | D:1      | Reached skill level 4 in Long Blades
   212 | D:1      | Reached XP level 2. HP: 26/26 MP: 1/1
   407 | D:1      | Reached skill level 5 in Long Blades
   427 | D:1      | Reached ** piety under Trog
   488 | D:1      | Reached XP level 3. HP: 20/31 MP: 2/2
   938 | D:2      | Found a stormy altar of Qazlal.
  1119 | D:2      | You fall into a shaft and drop 1 floor!
  1245 | D:3      | Reached skill level 6 in Long Blades
  1245 | D:3      | Reached XP level 4. HP: 39/39 MP: 3/3
  1251 | D:3      | Found a faded altar of an unknown god.
  1823 | D:2      | Reached XP level 5. HP: 45/45 MP: 4/4
  1874 | D:2      | Reached skill level 7 in Long Blades
  2533 | D:3      | Reached *** piety under Trog
  2745 | D:4      | Noticed a sky beast
  2757 | D:4      | Killed a sky beast
  2758 | D:4      | Reached skill level 8 in Long Blades
  2831 | D:4      | Reached XP level 6. HP: 51/51 MP: 5/5
  3180 | D:4      | Reached skill level 1 in Throwing
  3457 | D:5      | Entered Level 5 of the Dungeon
  3648 | D:5      | Reached XP level 7. HP: 59/59 MP: 6/6
  3654 | D:5      | Found a staircase to the Ecumenical Temple.
  3741 | D:5      | Reached skill level 9 in Long Blades
  4144 | D:5      | Reached **** piety under Trog
  4434 | D:5      | Reached skill level 5 in Fighting
  4951 | D:5      | Reached XP level 8. HP: 68/68 MP: 7/7
  5062 | D:6      | Identified a scroll of acquirement
  5065 | D:6      | Acquired a manual of Long Blades
  5068 | D:6      | Reached skill level 10 in Fighting
  5068 | D:6      | Reached XP level 9. HP: 85/85 MP: 8/8
  5387 | D:6      | Found a glowing drain.
  5403 | Sewer    | Entered a sewer
  5453 | Sewer    | Reached skill level 10 in Long Blades
  6341 | D:6      | Reached skill level 10 in Armour
  6833 | D:6      | Reached skill level 11 in Long Blades
  6834 | D:6      | Found a bloodstained altar of Trog.
  7155 | D:7      | Noticed a centaur warrior
  7159 | D:7      | Killed a centaur warrior
  7160 | D:7      | Reached skill level 12 in Long Blades
  7160 | D:7      | Reached XP level 10. HP: 44/94 MP: 9/9
  7163 | D:7      | Reached ***** piety under Trog
  7993 | D:7      | Reached skill level 13 in Long Blades
  8185 | D:8      | Identified the amulet "Gostraos" {RegenMP Harm}
  8385 | D:8      | Received a gift from Trog
  8458 | D:8      | Reached skill level 14 in Long Blades
  8694 | D:8      | Noticed a two-headed ogre
  9205 | D:8      | Found a staircase to the Lair.
  9400 | D:8      | Killed a two-headed ogre
  9401 | D:8      | Reached XP level 11. HP: 102/102 MP: 10/10
  9891 | D:9      | Noticed Psyche
  9895 | D:9      | Killed Psyche
  9896 | D:9      | Reached skill level 1 in Shields
  9960 | D:9      | Noticed Erolcha
  9983 | D:9      | Killed Erolcha
  9984 | D:9      | Reached skill level 15 in Long Blades
 10233 | D:9      | Noticed a two-headed ogre
 10249 | D:9      | Killed a two-headed ogre
 10408 | D:9      | Noticed Joseph
 10426 | D:9      | Killed Joseph
 10782 | D:10     | Entered Level 10 of the Dungeon
 11285 | D:10     | Noticed a two-headed ogre
 11291 | D:10     | Banished a two-headed ogre
 11292 | D:10     | Reached skill level 16 in Long Blades
 11482 | D:10     | Noticed a two-headed ogre
 11499 | D:10     | Killed a two-headed ogre
 11671 | D:10     | You fall into a shaft and drop 1 floor!
 11824 | D:10     | Found a staircase to the Orcish Mines.
 12019 | D:10     | Noticed Fannar
 12032 | D:10     | Killed from afar by Fannar

Illustrated notes

Levels and vault maps discovered:
D:1:      amcnicky_arrival_flooded_fountain, layout_rooms
D:2:      layout_loops_ring, basic_altar, corexii_corridor_pit
D:3:      layout_rooms, shapermc_ecumenical_altar_rom_forum
D:4:      layout_loops_ring, kennysheep_path_1
D:5:      layout_loops_ring, minmay_temple_entry_overgrown, grunt_ministairs_11
D:6:      layout_basic, mainiacjoe_overflow_boulevard, gup_sewer_entry_pipe
D:7:      nzn_winding_woodlands_medium [nzn_winding_woodlands_hourglass,
          nzn_winding_woodlands_5x15_split_checker,
          nzn_winding_woodlands_5x5_three,
          nzn_winding_woodlands_5x5_checkerboard,
          nzn_winding_woodlands_center_garden,
          nzn_winding_woodlands_5x5_closed_star,
          nzn_winding_woodlands_5x5_perimeter,
          nzn_winding_woodlands_5x15_river_crossing,
          nzn_winding_woodlands_5x5_default], layout_loops_ring
D:8:      layout_cave_pools, erik_lair_orcish_takeover
D:9:      layout_rooms, serial_park_tiny_pond, uniq_psyche, uniq_joseph,
          uniq_erolcha
D:10:     layout_basic, david_orc_3, uniq_fannar
D:11:     layout_stronghold, serial_shops, nicolae_shop_trees

Skill      XL: |  1  2  3  4  5  6  7  8  9 10 11 |
---------------+----------------------------------+-----
Long Blades    | 4 5 6 8 9 12 14 16 | 16.2
Armour         | 3 4 9 10 11 12 | 12.1
Fighting       | 4 5 10 11 12 | 12.3
Throwing       | 1 2 7 |  7.6
Shields        | 4 |  4.0
Dodging        | |  2.1

Action                   |  1- 3 |  4- 6 |  7- 9 | 10-12 || total
-------------------------+-------+-------+-------+-------++-------
Melee: Falchion          |    55 |    67 |       |       ||   122
       Headbutt          |     8 |    37 |    34 |    86 ||   165
       Long sword        |       |    98 |   179 |   189 ||   466
       Dagger            |       |       |       |   137 ||   137
Throw: Stone             |    52 |    93 |   184 |   188 ||   517
       Dart              |    29 |     8 |    10 |    55 ||   102
Invok: Trog's Hand       |       |     1 |       |     6 ||     7
       Berserk           |       |       |     2 |     1 ||     3
Evoke: Wand              |       |       |       |     8 ||     8
  Use: Scroll            |       |     4 |     4 |     6 ||    14
       Potion            |       |       |     5 |     2 ||     7
Armor: Animal skin       |     6 |       |       |       ||     6
       Leather armour    |     8 |    17 |       |       ||    25
       Ring mail         |       |    35 |    75 |    26 ||   136
       Troll leather arm |       |       |       |    19 ||    19
       Skin              |       |       |       |     5 ||     5
Dodge: Dodged            |    29 |    92 |   107 |   107 ||   335
Block: Buckler           |       |       |       |    11 ||    11

Table legend: (Time is in decaauts)
 A = Elapsed time spent in this place.
 B = Non-inter-level travel time spent in this place.
 C = Inter-level travel time spent in this place.
 D = Time resting spent in this place.
 E = Time spent auto-exploring this place.
 F = Levels seen in this place.
 G = Mean time per level.
                   A        B        C        D        E       F      G
               +--------+--------+--------+--------+--------+-----+--------+
         Total |  11882 |  11424 |    458 |   1561 |   7813 |  12 |  990.2 |
       Dungeon |  11196 |  10738 |    458 |   1561 |   7283 |  11 | 1017.8 |
         Sewer |    685 |    685 |      0 |      0 |    529 |   1 |  685.0 |
               +--------+--------+--------+--------+--------+-----+--------+

Top non-repeatable levels by time:
     D:7: 1701 daAuts
     D:4: 1240 daAuts
    D:10: 1176 daAuts
     D:5: 1170 daAuts
     D:6: 1154 daAuts
     D:8: 1134 daAuts
     D:3: 948 daAuts
     D:9: 923 daAuts
     D:2: 906 daAuts
     D:1: 812 daAuts
   Sewer: 685 daAuts
    D:11: 27 daAuts
